 Dungeon Crawl Stone Soup version 0.24-a0-537-g2d01d4ab0a (webtiles) character file.

Game seed: 5977355621576472354

21501 Napalmbreeze the Eclecticist (level 12, 0/73 HPs)
             Began as a Deep Elf Fire Elementalist on Aug 15, 2019.
             Was an Elder of Vehumet.
             Hit by a silver javelin thrown by a minotaur (41 damage)
             ... in a Gauntlet.
             The game lasted 00:49:27 (13718 turns).

Napalmbreeze the Eclecticist (DEFE)                Turns: 13718, Time: 00:49:55

Health: 0/73       AC:  3    Str:  5    XL:     12   Next: 54%
Magic:  38/48      EV: 17    Int: 34    God:    Vehumet [****..]
Gold:   777        SH:  5    Dex: 18    Spells: 9/41 levels left

rFire    + . .     SeeInvis .   K - staff of power
rCold    . . .     Gourm    .   O - +0 buckler
rNeg     . . .     Faith    .   F - +0 robe {rF+}
rPois    +         Spirit   .   k - +0 helmet
rElec    .         Reflect  .   (no cloak)
rCorr    .         Harm     .   (no gloves)
MR       +....     NoTele   +   (no boots)
Stlth    ++........             q - amulet of magic regeneration
HPRegen  0.22/turn              H - +5 ring of intelligence
MPRegen  0.56/turn              R - ring of Dogimasa {Wiz rPois Int+3 Dex+3}

@: drained
A: no striking features
a: Renounce Religion


You were in a Gauntlet.
You worshipped Vehumet.
Vehumet was greatly pleased with you.
You were not hungry.

You visited 3 branches of the dungeon, and saw 13 of its levels.
You also visited: Gauntlet.

You collected 1033 gold pieces.
You spent 256 gold pieces at shops.

Inventory:

Hand Weapons
 y - a +0 whip of venom
Armour
 k - a +0 helmet (worn)
 F - a +0 robe of fire resistance (worn)
 O - a +0 buckler (worn)
 U - the +1 pair of boots of Recab {*Corrode rElec rF+ Int+4, unknown}
   (You found it in a Gauntlet)

   It affects your intelligence (+4).
   It protects you from fire.
   It insulates you from electricity.
   It may corrode you when you take damage.
Magical Staves
 K - an uncursed staff of power (weapon)
 P - an uncursed staff of summoning {unknown}
 S - an uncursed staff of energy
Jewellery
 a - an uncursed ring of flight
 b - an uncursed ring of positive energy
 f - an uncursed ring of see invisible
 g - an uncursed ring of protection from cold
 q - an amulet of magic regeneration (around neck)
 x - an uncursed ring of resist corrosion
 E - an uncursed ring of poison resistance
 H - a +5 ring of intelligence (left hand)
 M - a +4 amulet of reflection {unknown}
 R - the ring of Dogimasa (right hand) {Wiz rPois Int+3 Dex+3}
   (You found it on level 11 of the Dungeon)

   [ring of wizardry]

   It improves your spell success rate.
   It affects your intelligence (+3).
   It affects your dexterity (+3).
   It protects you from poison.
Wands
 t - a wand of iceblast (13)
 w - a wand of paralysis (9)
 A - a wand of digging (4)
Scrolls
 d - 2 scrolls of fog
 e - 3 scrolls of teleportation
 j - a scroll of blinking
 l - 4 scrolls of immolation
 p - 4 scrolls of enchant weapon
 v - 2 scrolls of enchant armour
 B - 8 scrolls of remove curse
 D - a scroll of magic mapping {unknown}
 G - a scroll of amnesia {unknown}
 J - a scroll of vulnerability {unknown}
Potions
 h - 3 potions of ambrosia
 i - 3 potions of mutation
 m - a potion of magic {unknown}
 n - a potion of invisibility {unknown}
 o - 6 potions of curing
 r - 2 potions of haste
 s - 5 potions of might
 u - 3 potions of lignification
 z - 2 potions of agility
 C - 2 potions of degeneration {unknown}
 I - a potion of flight
 L - 2 potions of brilliance
Miscellaneous
 Q - a box of beasts
 T - a lightning rod (4/4)
Comestibles
 c - 23 rations


   Skills:
 + Level 7.9(6.7) Fighting
 - Level 8.0(6.8) Dodging
 - Level 2.4(1.4) Stealth
 - Level 4.1(3.0) Shields
 + Level 15.4(14.0) Spellcasting
 + Level 10.6(9.3) Conjurations
 - Level 8.0(6.8) Fire Magic
 + Level 2.2(1.2) Evocations


You had 9 spell levels left.
You knew the following spells:

 Your Spells              Type           Power        Failure   Level  Hunger
a - Flame Tongue          Conj/Fire      #####        1%          1    None
c - Dazzling Spray        Conj/Hex       ######       1%          3    None
d - Conjure Flame         Conj/Fire      ######..     1%          3    None
e - Fireball              Conj/Fire      ######....   1%          5    None
f - Sticky Flame          Conj/Fire      ######..     1%          4    None
g - Apportation           Tloc           ###...       1%          1    None
r - Orb of Destruction    Conj           ######....   4%          7    #####..
s - Throw Flame           Conj/Fire      ######       1%          2    None
t - Bolt of Fire          Conj/Fire      ######....   1%          6    ###....

Your spell library contained the following spells:

 Spells                   Type           Power        Failure   Level  Hunger
 Animate Skeleton         Necr           N/A          1%          1    None
 Confusing Touch          Hex            ###...       1%          1    None
 Magic Dart               Conj           ####         1%          1    None
 Summon Small Mammal      Summ           ###.         1%          1    None
 Passwall                 Tmut/Erth      ###.....     1%          2    None
 Searing Ray              Conj           ######       1%          2    None
 Inner Flame              Hex/Fire       #####...     1%          3    None
 Stone Arrow              Conj/Erth      ######       1%          3    None
 Force Lance              Conj/Tloc      ######..     1%          4    None
 Fulminant Prism          Conj/Hex       ######....   1%          4    None
 Iskenderun's Mystic Bla  Conj           ######..     1%          4    None
 Cause Fear               Hex            ###.......   8%          4    None
 Dragon Form              Tmut           ###.......   99%         7    #####..
 Dragon's Call            Summ           ###.......   100%        9    #######


Dungeon Overview and Level Annotations

Branches:
Dungeon (11/15)            Temple (1/1) D:5            Lair (1/6) D:8
    Orc (0/2) D:11

Altars:
Ashenzari
Cheibriados
Dithmenos
Elyvilon
Fedhas
Gozag
Hepliaklqana
Kikubaaqudgha
Makhleb
Nemelex Xobeh
Okawaru
Qazlal
Ru
Sif Muna
Trog
Uskayaw
Vehumet
Wu Jian
Xom
Yredelemnul
Zin
The Shining One

Shops:
D:11 !(

Annotations:
D:8 Joseph Gauntlet 12 transporters, 10 runed translucent doors


Message History

Casting: Orb of Destruction (slightly dangerous; 4% risk of failure)
Confirm with . or Enter, or press ? or * to list all spells.
Aiming: Conjure Flame (safe; 1% risk of failure)
Press: ? - help, Dir - move target cursor The fire ignites!
You feel better.
You feel better.
You feel better.
Casting: Conjure Flame (safe; 1% risk of failure)
Confirm with . or Enter, or press ? or * to list all spells.
Aiming: Bolt of Fire (safe; 1% risk of failure)
Press: ? - help, Shift-Dir - straight line, f - minotaur
Aim: a minotaur, wielding a +3 trident of piercing, wearing the cursed +0 chain mail of Midnight {rElec rN+ Dex-2 Slay+2} and wearing an uncursed ring of poison resistance (flame, heavily wounded)
The bolt of fire hits the minotaur!
The minotaur is severely wounded.
The minotaur is engulfed in blazing flames.
The minotaur throws a silver javelin.
The silver javelin pierces through you!!!
Ouch! That really hurt!
You die...

#:H:# #8○8# ####(°"# ###8.#8○8#
#....#.°.# #.#..#8°8# #
#.#..##H##..#.# #..@..((......#
#.#.##.#.##.#.# #.#....#....#.#
###.#.#######.#.###
#§§§.............≈# ### ###
####8§§©.©.©.©.©.©..8#### #8# #8#
#8##≈§..............≈##8#
#################################
...................≈∩≈...........


You could see a minotaur.

Vanquished Creatures
  An ice dragon (D:11)
  A hydra (D:11)
  Harold (D:9)
  A catoblepas (D:11)
  5 two-headed ogres
  2 death scarabs (Gauntlet)
  4 skeletal warriors (D:10)
  Pikel (D:5)
  An ugly thing (D:11)
  3 cyclopes
  A gargoyle (D:11)
  A komodo dragon (D:11)
  A troll (D:11)
  2 hippogriffs
  A spectral black mamba (Gauntlet)
  5 shadows (Gauntlet)
  A vampire (D:11)
  4 yaks (D:9)
  2 hungry ghosts (D:10)
  Menkaure (D:6)
  A water moccasin (D:10)
  5 porcupines (D:8)
  7 orc warriors
  An ice beast (D:9)
  8 ogres
  3 slaves (D:5)
  3 black bears
  A necrophage (D:7)
  3 phantoms
  A sky beast (D:9)
  8 centaurs
  A crocodile (D:8)
  A big kobold (D:10)
  Blork the orc (D:5)
  8 bullfrogs
  3 scorpions
  19 killer bees
  A wight (D:8)
  4 howler monkeys
  4 crimson imps
  2 centaur zombies
  3 hounds
  2 bullfrog zombies
  A quasit (D:10)
  3 orc priests
  2 centaur skeletons (D:8)
  4 bullfrog skeletons
  3 jellies
  14 orc wizards
  3 iguanas
  Ijyb (D:5)
  13 worker ants
  A hound zombie (D:8)
  A hound skeleton (D:10)
  2 worker ant zombies
  Robin (D:2)
  8 adders
  7 gnolls
  A howler monkey skeleton (D:10)
  3 shadow imps
  3 worms
  A dart slug (D:2)
  4 leopard geckos
  78 orcs
  6 ball pythons
  A giant cockroach (D:2)
  12 goblins
  9 hobgoblins
  7 jackals
  18 kobolds
  4 quokkas
  4 bats
  3 frilled lizards (D:2)
  A quokka skeleton (D:4)
  A quokka zombie (D:5)
  8 rats
357 creatures vanquished.

Vanquished Creatures (others)
  A slave (D:5)
  12 demonic plants (Gauntlet)
  14 fungi (D:8)
  6 plants (D:8)
33 creatures vanquished.

Grand Total: 390 creatures vanquished

Notes
Turn   | Place    | Note
-------+----------+-------------------------------------------
     0 | D:1      | Napalmbreeze the Deep Elf Fire Elementalist began the quest
                  | for the Orb.
     0 | D:1      | Reached XP level 1. HP: 10/10 MP: 6/6
   349 | D:1      | Reached XP level 2. HP: 15/15 MP: 5/8
   404 | D:1      | Learned a level 2 spell: Throw Flame
  1083 | D:2      | Reached XP level 3. HP: 19/19 MP: 6/10
  1177 | D:2      | Learned a level 3 spell: Conjure Flame
  1240 | D:2      | Noticed Robin
  1329 | D:2      | Killed Robin
  1552 | D:2      | Reached skill level 4 in Spellcasting
  1594 | D:2      | Reached XP level 4. HP: 24/24 MP: 9/12
  1668 | D:2      | Learned a level 4 spell: Sticky Flame
  1811 | D:2      | Found a stormy altar of Qazlal.
  1962 | D:2      | Found a snail-covered altar of Cheibriados.
  1995 | D:2      | Found an ornate altar of the Wu Jian Council.
  2035 | D:2      | Found a shimmering blue altar of Sif Muna.
  2598 | D:3      | Reached XP level 5. HP: 28/28 MP: 4/13
  3171 | D:3      | Reached skill level 5 in Spellcasting
  3264 | D:3      | Reached XP level 6. HP: 32/32 MP: 9/15
  3419 | D:4      | Reached skill level 5 in Conjurations
  3463 | D:4      | Found an opulent altar of Gozag.
  3482 | D:4      | Reached skill level 5 in Fire Magic
  3765 | D:4      | Reached skill level 6 in Spellcasting
  3765 | D:4      | Reached XP level 7. HP: 36/36 MP: 13/18
  3812 | D:4      | Learned a level 5 spell: Fireball
  3816 | D:4      | Learned a level 3 spell: Dazzling Spray
  3831 | D:4      | Found a sparkling altar of Nemelex Xobeh.
  3926 | D:4      | Reached skill level 7 in Spellcasting
  3990 | D:4      | Found a sacrificial altar of Ru.
  4282 | D:5      | Entered Level 5 of the Dungeon
  4282 | D:5      | Noticed Pikel
  4360 | D:5      | Noticed Ijyb
  4364 | D:5      | Killed Ijyb
  4372 | D:5      | Reached skill level 1 in Fighting
  4644 | D:5      | Reached XP level 8. HP: 43/43 MP: 14/21
  4731 | D:5      | Killed Pikel
  4731 | D:5      | Reached skill level 8 in Spellcasting
  5030 | D:5      | Found a staircase to the Ecumenical Temple.
  5046 | Temple   | Entered the Ecumenical Temple
  5096 | Temple   | Became a worshipper of Vehumet
  5367 | D:5      | Found a hide-covered altar of Uskayaw.
  5597 | D:5      | Noticed Blork the orc
  5606 | D:5      | Killed Blork the orc
  6000 | D:6      | Found a basalt altar of Yredelemnul.
  6020 | D:6      | Reached skill level 9 in Spellcasting
  6132 | D:6      | Noticed Menkaure
  6134 | D:6      | Killed Menkaure
  6139 | D:6      | Reached XP level 9. HP: 52/52 MP: 9/24
  6324 | D:6      | Reached skill level 10 in Spellcasting
  6332 | D:6      | Reached * piety under Vehumet
  6332 | D:6      | Offered knowledge of Sting by Vehumet.
  6397 | D:6      | Learned a level 1 spell: Apportation
  7039 | D:7      | Found a blossoming altar of Fedhas.
  7070 | D:7      | Found a burning altar of Makhleb.
  7079 | D:7      | Noticed a balrug
  7964 | D:8      | Reached ** piety under Vehumet
  7964 | D:8      | Offered knowledge of Freeze by Vehumet.
  7994 | D:8      | Found a bloodstained altar of Trog.
  8022 | D:8      | Noticed a two-headed ogre
  8025 | D:8      | Killed a two-headed ogre
  8025 | D:8      | Reached skill level 5 in Fighting
  8182 | D:8      | Found a shimmering altar of Xom.
  8206 | D:8      | Reached XP level 10. HP: 60/60 MP: 18/26
  8353 | D:8      | Found a staircase to the Lair.
  8405 | D:8      | Noticed a two-headed ogre
  8411 | D:8      | Killed a two-headed ogre
  8411 | D:8      | Noticed Joseph
  8421 | D:8      | Paralysed by Joseph for 3 turns
  8554 | D:8      | Reached skill level 5 in Dodging
  8554 | D:8      | Reached skill level 11 in Spellcasting
  8752 | D:8      | HP: 2/60 [Joseph/sling bullet (8)]
  9111 | D:9      | Offered knowledge of Ignite Poison by Vehumet.
  9220 | D:9      | Reached *** piety under Vehumet
  9491 | D:9      | Reached skill level 12 in Spellcasting
  9504 | D:9      | Noticed Harold
  9510 | D:9      | Killed Harold
  9816 | D:10     | Entered Level 10 of the Dungeon
  9843 | D:10     | Reached XP level 11. HP: 45/64 MP: 29/29
 10098 | D:10     | Offered knowledge of Stone Arrow by Vehumet.
 10103 | D:10     | Noticed a skeletal warrior
 10109 | D:10     | Noticed a skeletal warrior
 10113 | D:10     | Killed a skeletal warrior
 10113 | D:10     | Reached skill level 13 in Spellcasting
 10302 | D:10     | Noticed a two-headed ogre
 10319 | D:10     | Killed a two-headed ogre
 10319 | D:10     | Reached skill level 14 in Spellcasting
 10326 | D:10     | Reached **** piety under Vehumet
 10349 | D:10     | Offered knowledge of Lightning Bolt by Vehumet.
 10539 | D:10     | Noticed a skeletal warrior
 10544 | D:10     | Killed a skeletal warrior
 10549 | D:10     | Noticed a skeletal warrior
 10550 | D:10     | Killed a skeletal warrior
 10550 | D:10     | Reached skill level 15 in Spellcasting
 10552 | D:10     | Killed a skeletal warrior
 11001 | D:11     | Noticed a purple ugly thing
 11210 | D:11     | Noticed a two-headed ogre
 11213 | D:11     | Killed a two-headed ogre
 11213 | D:11     | Reached ***** piety under Vehumet
 11213 | D:11     | Offered knowledge of Orb of Destruction by Vehumet.
 11214 | D:11     | Noticed a two-headed ogre
 11223 | D:11     | Killed a two-headed ogre
 11427 | D:11     | Found Zeczin's Weapon Emporium.
 11495 | D:11     | Reached skill level 10 in Conjurations
 11582 | D:11     | Reached XP level 12. HP: 29/72 MP: 33/33
 11968 | D:11     | Found a staircase to the Orcish Mines.
 12109 | D:11     | Found Xiotzafe's Distillery.
 12117 | D:11     | Bought a potion of flight for 48 gold pieces
 12117 | D:11     | Bought a potion of brilliance for 64 gold pieces
 12117 | D:11     | Bought a potion of agility for 64 gold pieces
 12117 | D:11     | Bought a potion of heal wounds for 80 gold pieces
 12226 | D:11     | Reached skill level 1 in Shields
 12266 | D:11     | Noticed an ice dragon
 12275 | D:11     | Killed an ice dragon
 12427 | D:11     | Noticed a catoblepas
 12449 | D:11     | Killed a catoblepas
 12529 | D:11     | Noticed an eight-headed hydra
 12532 | D:11     | Killed an eight-headed hydra
 12684 | D:11     | Got an ancient brass ring
 12686 | D:11     | Identified the ring of Dogimasa {Wiz rPois Int+3 Dex+3}
                  | (You found it on level 11 of the Dungeon)
 12695 | D:11     | Learned a level 7 spell: Orb of Destruction
 12897 | Lair:1   | Entered Level 1 of the Lair of Beasts
 12897 | Lair:1   | Found a gate leading to a gauntlet.
 12905 | Gauntlet | Entered a Gauntlet
 12905 | Gauntlet | Found a transporter.
 12915 | Gauntlet | Found a transporter.
 12930 | Gauntlet | Found a transporter.
 12935 | Gauntlet | Found a transporter.
 12950 | Gauntlet | Found a transporter.
 12969 | Gauntlet | Found a transporter.
 12980 | Gauntlet | Noticed a great orb of eyes
 12981 | Gauntlet | Found a transporter.
 12993 | Gauntlet | Found a transporter.
 13008 | Gauntlet | Found a large runed translucent door.
 13009 | Gauntlet | Found a large runed translucent door.
 13010 | Gauntlet | Found a large runed translucent door.
 13010 | Gauntlet | Found a large runed translucent door.
 13011 | Gauntlet | Found a runed translucent gate.
 13011 | Gauntlet | Noticed a death scarab
 13012 | Gauntlet | Found a transporter.
 13012 | Gauntlet | Found a runed translucent gate.
 13013 | Gauntlet | Found a runed translucent gate.
 13014 | Gauntlet | Found a large runed translucent door.
 13014 | Gauntlet | Found a large runed translucent door.
 13015 | Gauntlet | Found a large runed translucent door.
 13015 | Gauntlet | Noticed a death scarab
 13016 | Gauntlet | Found a large runed translucent door.
 13024 | Gauntlet | Found a transporter.
 13026 | Gauntlet | Found a large runed translucent door.
 13026 | Gauntlet | Found a large runed translucent door.
 13026 | Gauntlet | Found a runed translucent door.
 13026 | Gauntlet | Found a runed translucent door.
 13027 | Gauntlet | Found a large runed translucent door.
 13028 | Gauntlet | Found a large runed translucent door.
 13030 | Gauntlet | Found a transporter.
 13030 | Gauntlet | Found a transporter.
 13069 | Gauntlet | Found a large runed translucent door.
 13069 | Gauntlet | Found a large runed translucent door.
 13069 | Gauntlet | Found a transporter.
 13070 | Gauntlet | Found a large runed translucent door.
 13094 | Gauntlet | Found a transporter.
 13114 | Gauntlet | Found a transporter.
 13192 | Gauntlet | Found a transporter.
 13220 | Gauntlet | Found a large runed translucent door.
 13224 | Gauntlet | Found a transporter.
 13226 | Gauntlet | Found a transporter.
 13325 | Gauntlet | Reached skill level 1 in Evocations
 13418 | Gauntlet | Identified Sif Muna's Compendium of Clay and Confrontation
 13442 | Gauntlet | Killed a death scarab
 13442 | Gauntlet | Killed a death scarab
 13449 | Gauntlet | Got a pair of steaming boots
 13484 | Gauntlet | Learned a level 6 spell: Bolt of Fire
 13707 | Gauntlet | Identified the cursed +0 chain mail of Midnight {rElec rN+
                  | Dex-2 Slay+2}
 13707 | Gauntlet | Noticed a minotaur
 13718 | Gauntlet | Hit by a silver javelin thrown by a minotaur

Levels and vault maps discovered:
D:1:      ncdulo_wetmaze, layout_loops_corners, minmay_shallow_snake_nest
D:2:      layout_rooms, led_sif_pool, overflow_temple_1_default,
          lemuel_crystal_altar, nicolae_qazlal_general_emergency, first_ration,
          minmay_ruptured, uniq_robin
D:3:      layout_loops_cross
D:4:      layout_loops_ring, nicolae_gozag_seed_capital, kennysheep_mini,
          minmay_misc_feat_square, nemelex_diamond_rough_becter
D:5:      layout_layer_cave, eat_drink_and_be_merry_uskayaw,
          minmay_temple_entry_crystal_x, serial_rivers,
          chequers_serial_rivers_micro_c, chequers_serial_rivers_micro_c,
          chequers_serial_rivers_micro_b, chequers_serial_rivers_large_a,
          uniq_blork_the_orc, uniq_ijyb, uniq_pikel
D:6:      layout_basic, basic_altar, uniq_menkaure
D:7:      statuecave_lemuel, layout_loops_ring, makhleb_altar_promises_db,
          fedhas_altar_3
D:8:      layout_cave_pods, nicolae_overflow_crystal_walls,
          due_lair_maze_entry_diamond, ebering_ghost_funeral_grove,
          trog_three_pillars_becter, uniq_joseph
D:9:      layout_rooms, uniq_harold
D:10:     layout_loops_ring, minmay_misc_feat_diagonals
D:11:     layout_stronghold, david_orc_2, serial_shops, shop, shop_coins,
          david_nohive_1, fountainhead, st_stairs_6, minmay_the_grid_2x2
          [minmay_the_grid_dragon_b, minmay_the_grid_tiny_cups,
          minmay_the_grid_tree, minmay_the_grid_prize_trominoes]
Temple:   minmay_temple_bridge_abc
Lair:1:   lemuel_reptile_caves, layout_hall_layers, gauntlet_entry_generic,
          grunt_forest_stairs_basic, kennysheep_abandoned_house
Gauntlet: gammafunk_gauntlet_one_two_three [gammafunk_gauntlet_arena_corners,
          nicolae_gauntlet_arena_quarters, nicolae_gauntlet_arena_grate_2,
          gammafunk_gauntlet_arena_open, nicolae_gauntlet_arena_blocks,
          gammafunk_gauntlet_arena_arrow_garden,
          gammafunk_gauntlet_arena_chambers,
          minmay_gauntlet_arena_make_your_own_arena,
          gammafunk_gauntlet_arena_split_diamond,
          nicolae_gauntlet_exit_dead_adventurers]

Skill      XL: |  1  2  3  4  5  6  7  8  9 10 11 12 |
---------------+-------------------------------------+-----
Conjurations   | 2 3 4 5 7 8 10 | 10.6
Spellcasting   | 4 5 6 7 9 10 12 15 | 15.4
Fire Magic     | 4 5 6 8 |  8.0
Fighting       | 1 4 5 6 7 |  7.9
Dodging        | 7 8 |  8.0
Shields        | 4 |  4.1
Evocations     | 2 |  2.2
Stealth        | |  2.4

Action                   |  1- 3 |  4- 6 |  7- 9 | 10-12 || total
-------------------------+-------+-------+-------+-------++-------
Melee: Dagger            |     5 |     3 |       |       ||     8
       Whip              |       |    14 |    33 |     4 ||    51
       Staff             |       |       |       |    12 ||    12
 Cast: Flame Tongue      |    56 |    79 |   133 |   170 ||   438
       Throw Flame       |    11 |    25 |    25 |    45 ||   106
       Sticky Flame      |       |     9 |    37 |    49 ||    95
       Conjure Flame     |       |     4 |     3 |     8 ||    15
       Dazzling Spray    |       |       |     5 |     4 ||     9
       Fireball          |       |       |    12 |   106 ||   118
       Orb of Destructio |       |       |       |     3 ||     3
       Bolt of Fire      |       |       |       |     1 ||     1
  Use: Scroll            |     1 |       |     8 |    11 ||    20
       Potion            |       |       |       |     5 ||     5
 Stab: Invisible         |       |       |     2 |       ||     2
       Sleeping          |       |       |     1 |       ||     1
  Eat: Chunk             |     2 |     8 |    18 |    12 ||    40
       Ration            |       |       |       |     3 ||     3
Armor: Robe              |     4 |     9 |    12 |    17 ||    42
Dodge: Dodged            |    15 |    28 |    62 |    82 ||   187
Block: Buckler           |       |       |       |     6 ||     6

Table legend:
 A = Non-vault XP
 B = Vault XP
 C = Vault XP percentage of total XP
 D = Non-vault monster count
 E = Vault monster count
 F = Vault count percentage of total count
                 A         B        C        D         E       F
            +---------+---------+-------+---------+---------+-------
      Total |   18793 |   11924 |  38.8 |     278 |      76 |  21.5
            +---------+---------+-------+---------+---------+-------
        D:1 |      22 |       4 |  15.4 |      15 |       2 |  11.8
        D:2 |      69 |      39 |  36.1 |      24 |      14 |  36.8
        D:3 |     268 |       0 |   0.0 |      33 |       0 |   0.0
        D:4 |     732 |       0 |   0.0 |      20 |       0 |   0.0
        D:5 |     494 |     739 |  59.9 |      12 |       3 |  20.0
        D:6 |     641 |     157 |  19.7 |      18 |       1 |   5.3
        D:7 |     722 |       0 |   0.0 |      26 |       0 |   0.0
        D:8 |    2330 |    1303 |  35.9 |      28 |      11 |  28.2
        D:9 |    2330 |     970 |  29.4 |      27 |       1 |   3.6
       D:10 |    6376 |       0 |   0.0 |      46 |       0 |   0.0
       D:11 |    4809 |    5650 |  54.0 |      29 |      36 |  55.4
   Gauntlet |       0 |    3062 | 100.0 |       0 |       8 | 100.0
            +---------+---------+-------+---------+---------+-------
